 Dungeon Crawl Stone Soup version 0.30-a0-1016-gfb0d676c02 (webtiles) character file.

Game seed: 426136639347498383

196 protoss039 the Sneak (level 5, -2/30 HPs)
             Began as a Vampire Enchanter on Apr 6, 2023.
             Slain by an orc priest
             ... wielding a +0 flail
              (9 damage)
             ... on level 3 of the Dungeon.
             The game lasted 00:03:08 (2542 turns).

protoss039 the Sneak (Vampire Enchanter)            Turns: 2542, Time: 00:03:09

Health: -2/30      AC:  3    Str:  7    XL:     5   Next: 45%
Magic:  0/8        EV: 13    Int: 18    God:
Gold:   166        SH:  0    Dex: 16    Spells: 4/9 levels left

rFire   . . .      SeeInvis +    a - +1 dagger
rCold   + + .      Faith    .    (no shield)
rNeg    + + +      Spirit   .    b - +0 robe
rPois   ∞          Reflect  .    (no helmet)
rElec   .          Rampage  .    (no cloak)
rCorr   .                        (no gloves)
Will    .....                    k - +0 pair of boots
Stlth   +++++                    (no amulet)
HPRegen 0.00/turn                (no ring)
MPRegen 0.11/turn                (no ring)

@: bloodless, inhibited regen, invisible
A: bloodless, fangs 3, see invisible, vampiric 2
a: Bat Form, Revivify


You were on level 3 of the Dungeon.
You visited 1 branch of the dungeon, and saw 3 of its levels.

You collected 166 gold pieces.

Inventory:

Hand Weapons
 a - a +1 dagger (weapon)
Armour
 b - a +0 robe (worn)
 k - a +0 pair of boots (worn)
Scrolls
 d - 2 scrolls of identify {unknown}
 e - 2 scrolls of enchant armour {unknown}
 g - a scroll of torment {unknown}
 h - a scroll of butterflies {unknown}
 i - a scroll of noise {unknown}
 l - a scroll of poison {unknown}
 n - 2 scrolls of fear {unknown}
 o - a scroll of magic mapping {unknown}
 p - a scroll of immolation {unknown}
 q - a scroll of blinking {unknown}
 r - a scroll of teleportation {unknown}
Potions
 f - a potion of attraction {unknown}
 j - a potion of ambrosia {unknown}
 m - 2 potions of mutation {unknown}
 s - a potion of heal wounds {unknown}


   Skills:
 * Level 2.2 Fighting
 + Level 2.0 Short Blades
 + Level 2.9 Dodging
 * Level 6.0 Stealth
 + Level 2.5 Spellcasting
 + Level 5.0 Hexes
 + Level 1.3 Ice Magic


You had 4 spell levels left.
You knew the following spells:

 Your Spells              Type           Power      Damage    Failure   Level
a - Ensorcelled Hibernat  Hex/Ice        26%        N/A       7%          2
b - Confusing Touch       Hex            20%        N/A       6%          3

Your spell library contained the following spells:

 Spells                   Type           Power      Damage    Failure   Level
 Tukima's Dance           Hex            20%        N/A       6%          3
 Dazzling Flash           Conj/Hex       22%        N/A       19%         3


Dungeon Overview and Level Annotations

Branches:
Dungeon (3/15) Zot: 15463

Altars:
Ru

Shops:
D:1 (


Innate Abilities, Weirdness & Mutations

You do not regenerate when monsters are visible.
You are frail without blood (-20% HP).
You can heal yourself when you bite living creatures.
You are immune to poison.
You have razor-sharp teeth.
You have supernaturally acute eyesight. (SInv)
You are afflicted with vampirism and can become a bat while bloodless.


Message History

The orc hits you with a +0 falchion!
You hit the orc but do no damage.
An orc priest comes into view. It is wielding a +0 trident.
Unknown command.
Casting: Ensorcelled Hibernation (safe; 7% risk of failure)
Confirm with . or Enter, or press ? or * to list all spells.
Aiming: Ensorcelled Hibernation (safe; 7% risk of failure)
Press: ? - help, Shift-Dir - straight line, f/p - orc
Aim: an orc, wielding a +0 falchion and wearing a +0 chain mail (chance to affect: 64%)
The orc looks drowsy...
The orc priest shouts!
Unknown command.
Unknown command.
The helpless orc fails to defend itself.
You bite the orc, and draw its blood!
You feel better.
You impale the orc!!
You kill the orc!
The orc priest hits you from afar with a +0 trident.
Unknown command.
Casting: Ensorcelled Hibernation (safe; 7% risk of failure)
Confirm with . or Enter, or press ? or * to list all spells.
Aiming: Ensorcelled Hibernation (safe; 7% risk of failure)
Press: ? - help, Shift-Dir - straight line, f - orc priest
Aim: an orc priest, wielding a +0 flail (chance to affect: 47%)
The orc priest resists with some effort.
The orc priest barely misses you.
The orc priest hits you from afar with a +0 trident!
Unknown command.
Casting: Ensorcelled Hibernation (safe; 7% risk of failure)
Confirm with . or Enter, or press ? or * to list all spells.
You don't have enough magic to cast this spell.
Unknown command.
You fade into invisibility!
The orc priest hits you from afar with a +0 trident.
* * * LOW HITPOINT WARNING * * *
The orc priest completely misses you.
Unknown command.
You hit the orc priest.
The orc priest is lightly wounded.
The orc priest hits you with a +0 flail!
You die...

#.# #.# #######.#
..# #.# #.# ### #.#
#.# #.# #.# ..#
#######.###
.......)..# ######
#######.#.# .....#
#...#.#.# .###.#
#o@.# #
...#.####.###...###
.#.........###o#
.....####..# #.
......# # # #####.#
.## #.###....
#...(..# #..#####


You could see 2 orc priests.

Vanquished Creatures
  A black bear (D:3)
  Jessica (D:3)
  An adder (D:3)
  2 worms
  4 dart slugs
  2 orcs (D:3)
  7 bats
  7 endoplasms
  3 giant cockroaches
  6 goblins
  3 hobgoblins
  4 quokkas
  4 ball pythons
  2 frilled lizards
  3 kobolds
  3 rats
53 creatures vanquished.

Notes
Turn   | Place    | Note
-------+----------+-------------------------------------------
     0 | D:1      | protoss039 the Vampire Enchanter began the quest for the
                  | Orb.
     0 | D:1      | Reached XP level 1. HP: 13/13 MP: 3/3
   371 | D:1      | Reached XP level 2. HP: 16/16 MP: 5/5
   451 | D:1      | Found Obroga's Weapon Shoppe.
   794 | D:1      | Learned a level 2 spell: Ensorcelled Hibernation
   828 | D:2      | Found a faded altar of an unknown god.
   837 | D:2      | Reached skill level 5 in Stealth
   844 | D:2      | Reached skill level 1 in Fighting
   915 | D:2      | Gained mutation: You are afflicted with vampirism and can
                  | become a bat while bloodless. [Vampire growth]
   915 | D:2      | Reached XP level 3. HP: 20/20 MP: 6/6
  1703 | D:2      | Learned a level 3 spell: Confusing Touch
  2038 | D:3      | Reached XP level 4. HP: 10/25 MP: 0/7
  2129 | D:3      | Found a sacrificial altar of Ru.
  2391 | D:3      | Noticed a black bear
  2402 | D:3      | Killed a black bear
  2403 | D:3      | Reached skill level 5 in Hexes
  2403 | D:3      | Reached skill level 1 in Ice Magic
  2403 | D:3      | Reached XP level 5. HP: 17/30 MP: 3/8
  2513 | D:3      | Noticed Jessica
  2519 | D:3      | Killed Jessica
  2520 | D:3      | Reached skill level 6 in Stealth
  2542 | D:3      | Slain by an orc priest

Illustrated notes

Levels and vault maps discovered:
D:1:      nicolae_arrival_somewhat_less_tricky_arrival, layout_basic,
          serial_shops, shop_fountains
D:2:      layout_loops_cross, chequers_ecumenical_altar_twisty, minmay_bisected
D:3:      layout_loops_ring, nicolae_ru_awakened_eye, uniq_jessica

Skill      XL: |  1  2  3  4  5 |
---------------+----------------+-----
Stealth        | 5 6 |  6.0
Fighting       | 1 2 |  2.2
Hexes          | 5 |  5.0
Ice Magic      | 1 |  1.3
Short Blades   | 2 |  2.0
Dodging        | |  2.9
Spellcasting   | |  2.5

Action                     |  1- 3 |  4- 6 || total
---------------------------+-------+-------++-------
  Melee: Dagger            |    90 |    15 ||   105
         Bite              |     9 |     1 ||    10
   Cast: Ensorcelled Hiber |    23 |     8 ||    31
Ability: Exsanguinate      |     1 |       ||     1
    Use: Potion            |       |     2 ||     2
   Stab: Sleeping          |    35 |     8 ||    43
         Invisible         |       |     1 ||     1
 Armour: Robe              |    12 |     2 ||    14
  Dodge: Dodged            |    42 |    17 ||    59

Table legend: (Time is in decaauts)
 A = Elapsed time spent in this place.
 B = Non-inter-level travel time spent in this place.
 C = Inter-level travel time spent in this place.
 D = Time resting spent in this place.
 E = Time spent auto-exploring this place.
 F = Levels seen in this place.
 G = Mean time per level.
                   A        B        C        D        E       F      G
               +--------+--------+--------+--------+--------+-----+--------+
         Total |   2535 |   2430 |    105 |     64 |   1933 |   3 |  845.0 |
       Dungeon |   2535 |   2430 |    105 |     64 |   1933 |   3 |  845.0 |
               +--------+--------+--------+--------+--------+-----+--------+

Top non-repeatable levels by time:
     D:2: 973 daAuts
     D:1: 793 daAuts
     D:3: 768 daAuts
